[Event "4th EFE Metz Festival-WIM"]
[Site "Metz"]
[Date "2018.07.29"]
[Round "9"]
[White "Terbe, Julianna"]
[Black "Zozulia, Anna"]
[Result "1/2-1/2"]
[ECO "E62"]
[WhiteElo "2238"]
[BlackElo "2300"]
[Annotator "NA"]
[PlyCount "147"]
[EventDate "2018.07.22"]
[EventType "tourn"]
[EventCountry "FRA"]
[SourceTitle "playchess.com"]
[Source "ChessBase"]
[SourceQuality "1"]
[TimeControl "5400+30"]

1. Nf3 Nf6 2. g3 g6 3. Bg2 Bg7 4. O-O O-O 5. d4 d6 6. c4 c6 7. Nc3 Qa5 8. Bd2 Nbd7 9. e4 Qc7 10. Qe2 e5 11. d5 a5 12. Rfc1 Nc5 13. Ne1 Bg4 14. f3 Bd7 15. Be3 b6 16. Nd3 Qb7 17. Rab1 a4 18. Rc2 Rfc8 19. Nb4 Na6 20. Nxa6 Qxa6 21. dxc6 Bxc6 22. Bf1 Nd7 23. Qd1 Bf8 24. c5 Qa5 25. cxd6 Qb4 26. Nd5 Bxd5 27. Rxc8 Rxc8 28. Qxd5 Qxd6 29. Rd1 Qxd5 30. Rxd5 Nc5 31. Rxe5 Bg7 32. Re7 Bf6 33. Ra7 Bxb2 34. Bc4 Ne6 35. Bxe6 fxe6 36. Rxa4 Rc3 37. Bh6 Ba3 38. Ra8+ Kf7 39. Ra7+ Ke8 40. Rxh7 Bc5+ 41. Kg2 Rc2+ 42. Kh3 Rxa2 43. Bf4 b5 44. Be5 Be7 45. Rg7 g5 46. Rg8+ Kf7 47. Rb8 b4 48. Rb6 Rf2 49. Bd6 Bxd6 50. Rxd6 Rxf3 51. Rb6 b3 52. Kg4 Rf2 53. Rxb3 Rxh2 54. Kxg5 Ke7 55. e5 Rf2 56. Rb7+ Kf8 57. g4 Rf3 58. Kh6 Rg3 59. g5 Rh3+ 60. Kg6 Rf3 61. Kh5 Rh3+ 62. Kg4 Re3 63. Kf4 Re1 64. g6 Rg1 65. g7+ Kg8 66. Rc7 Rg2 67. Re7 Rg6 68. Ke4 Rxg7 69. Rxe6 Kf7 70. Kd5 Rg1 71. Ra6 Rd1+ 72. Ke4 Re1+ 73. Kd5 Rd1+ 74. Ke4 1/2-1/2

[Event "4th EFE Metz Festival-WIM"]
[Site "Metz"]
[Date "2018.07.29"]
[Round "9"]
[White "Terbe, Zsuzsanna"]
[Black "Broly, Mathilde"]
[Result "1/2-1/2"]
[ECO "D78"]
[WhiteElo "2178"]
[BlackElo "2149"]
[Annotator "NA"]
[PlyCount "67"]
[EventDate "2018.07.22"]
[EventType "tourn"]
[EventCountry "FRA"]
[SourceTitle "playchess.com"]
[Source "ChessBase"]
[SourceQuality "1"]
[TimeControl "5400+30"]

1. Nf3 d5 2. g3 g6 3. Bg2 Bg7 4. d4 Nf6 5. c4 c6 6. O-O O-O 7. Qb3 a5 8. cxd5 a4 9. Qd1 cxd5 10. Nc3 Bd7 11. Ne5 e6 12. b4 axb3 13. Qxb3 Nc6 14. Nxc6 bxc6 15. Ba3 Re8 16. e3 e5 17. dxe5 Rxe5 18. Bc5 Rh5 19. Rac1 Bh3 20. Bxh3 Rxh3 21. Kg2 Rh5 22. Ne2 g5 23. Rh1 Qc8 24. h3 Ne4 25. Bd4 Rh6 26. Bxg7 Kxg7 27. Qb2+ Rf6 28. Rhf1 Qa6 29. Rc2 h6 30. Nd4 Nxg3 31. Kxg3 Qxf1 32. Nf5+ Kg6 33. Ne7+ Kg7 34. Nf5+ 1/2-1/2

[Event "4th EFE Metz Festival-WIM"]
[Site "Metz"]
[Date "2018.07.29"]
[Round "9"]
[White "Thomas, Anysia"]
[Black "Schweitzer, Victoria"]
[Result "1-0"]
[ECO "E71"]
[WhiteElo "2156"]
[BlackElo "2097"]
[Annotator "NA"]
[PlyCount "118"]
[EventDate "2018.07.22"]
[EventType "tourn"]
[EventCountry "FRA"]
[SourceTitle "playchess.com"]
[Source "ChessBase"]
[SourceQuality "1"]
[TimeControl "5400+30"]

1. d4 Nf6 2. c4 g6 3. Nc3 Bg7 4. e4 d6 5. h3 O-O 6. Nf3 c5 7. d5 a6 8. a4 e6 9. Bd3 exd5 10. exd5 Re8+ 11. Be3 Bh6 12. O-O Bxe3 13. fxe3 Qe7 14. e4 Nbd7 15. Qd2 Kg7 16. Rf2 Ng8 17. Raf1 f6 18. Ne2 Ne5 19. Nxe5 Qxe5 20. a5 Bd7 21. b4 Rac8 22. bxc5 Rxc5 23. Rb1 Bc8 24. Kh1 Nh6 25. Ng1 Rf8 26. Nf3 Qg3 27. Nd4 Rc7 28. Rb6 Nf7 29. Nf3 g5 30. Bf1 Re7 31. Nd4 Rxe4 32. Rxb7 Qa3 33. Rc7 Qa1 34. Nc2 Qe5 35. Bd3 Rh4 36. Re2 Qb2 37. Ree7 Qb8 38. Ne3 Kg8 39. Nf5 Bxf5 40. Bxf5 Ne5 41. Rg7+ Kh8 42. Rxh7+ Rxh7 43. Rxh7+ Kg8 44. Qc2 Re8 45. Be6+ Rxe6 46. dxe6 Qb4 47. e7 Qb8 48. Rh5 Kf7 49. Qf5 Kxe7 50. Rh7+ Nf7 51. Qe4+ Kf8 52. Qg6 Qe8 53. Qxf6 Qe1+ 54. Kh2 Qe5+ 55. Qxe5 Nxe5 56. Ra7 Nxc4 57. Rxa6 Ke7 58. Ra7+ Ke6 59. a6 Kd5 1-0

[Event "4th EFE Metz Festival-WIM"]
[Site "Metz"]
[Date "2018.07.29"]
[Round "9"]
[White "Afraoui, Anaelle"]
[Black "Moskalets, Svetlana"]
[Result "0-1"]
[ECO "B33"]
[WhiteElo "2056"]
[BlackElo "2208"]
[Annotator "NA"]
[PlyCount "79"]
[EventDate "2018.07.22"]
[EventType "tourn"]
[EventCountry "FRA"]
[SourceTitle "playchess.com"]
[Source "ChessBase"]
[SourceQuality "1"]
[TimeControl "5400+30"]

1. e4 c5 2. Nf3 Nc6 3. d4 cxd4 4. Nxd4 Nf6 5. Nc3 e6 6. Nxc6 bxc6 7. e5 Nd5 8. Ne4 Qc7 9. f4 Qa5+ 10. Kf2 f5 11. exf6 Nxf6 12. Nxf6+ gxf6 13. Be3 Bb7 14. Be2 Bc5 15. Qd3 O-O-O 16. Rhe1 e5 17. fxe5 fxe5 18. Kg1 e4 19. Qb3 Rhg8 20. Bf1 Bd6 21. Rad1 Bc7 22. Kh1 Qe5 23. Bg1 d5 24. Qh3+ Kb8 25. Qb3 Ba5 26. Bxa7+ Kxa7 27. Qa4 d4 28. b4 e3 29. bxa5 c5 30. Rb1 Bxg2+ 31. Bxg2 Rxg2 32. Kxg2 Qe4+ 33. Kh3 Qf3+ 34. Kh4 Qf4+ 35. Kh3 Qf3+ 36. Kh4 Qe4+ 37. Kh3 Rd6 38. Rf1 Rh6+ 39. Kg3 Rd6 40. Kh3 0-1